 Dungeon Crawl Stone Soup version 0.31-a0-361-g0f8bd3a31e (webtiles) character file.

Game seed: 14855051735936162505

3913 Locuples the Cleaver (level 10, -4/94 HPs)
             Began as a Minotaur Monk on July 27, 2023.
             Was a Priest of Dithmenos.
             Slain by a shadow (13 damage)
             ... on level 9 of the Dungeon.
             The game lasted 00:10:39 (6955 turns).

Locuples the Cleaver (Minotaur Monk)                Turns: 6955, Time: 00:10:40

Health: -4/94      AC: 12    Str: 20    XL:     10   Next: 1%
Magic:  9/9        EV: 12    Int:  7    God:    Dithmenos [***...]
Gold:   369        SH:  0    Dex: 19    Spells: 9/9 levels left

rFire   . . .        H - +0 battleaxe
rCold   . . .        (shield currently unavailable)
rNeg    . . .        E - +1 ring mail {rPois}
rPois   +            (helmet restricted)
rElec   .            k - +0 cloak
rCorr   .            (no gloves)
SInv    .            (no boots)
Will    .....        z - amulet of faith
Stlth   +            e - +4 ring of protection
HPRegen 0.35/turn    b - +6 ring of dexterity
MPRegen 0.11/turn

%: faith
@: wreathed by umbra
A: horns 2, retaliatory headbutt
a: Renounce Religion, Shadow Step


You were on level 9 of the Dungeon.
You worshipped Dithmenos.
Dithmenos was most pleased with you.
You visited 2 branches of the dungeon, and saw 10 of its levels.

You collected 369 gold pieces.

Inventory:

Hand Weapons
 H - a +0 battleaxe (weapon)
Missiles
 B - 2 throwing nets
Armour
 k - a +0 cloak (worn)
 E - a +1 ring mail of poison resistance (worn)
Jewellery
 a - an amulet of the acrobat
 b - a +6 ring of dexterity (right hand)
 e - a +4 ring of protection (left hand)
 z - an amulet of faith (around neck)
 C - a ring of wizardry
Wands
 d - a wand of digging (9)
 q - a wand of mindburst (16)
 x - a wand of charming (11)
 D - a wand of light (9)
 G - a wand of flame (16)
 I - a wand of polymorph (8)
Scrolls
 c - a scroll of amnesia {unknown}
 f - a scroll of enchant weapon {unknown}
 g - 3 scrolls of brand weapon {unknown}
 h - 4 scrolls of teleportation {unknown}
 i - 3 scrolls of enchant armour {unknown}
 m - 2 scrolls of identify {unknown}
 o - a scroll of summoning {unknown}
 s - 2 scrolls of poison {unknown}
 t - 2 scrolls of immolation {unknown}
 v - 2 scrolls of vulnerability {unknown}
 y - a scroll of blinking {unknown}
Potions
 j - a potion of curing
 l - 3 potions of resistance {unknown}
 n - 3 potions of might {unknown}
 p - 2 potions of haste {unknown}
 r - 2 potions of heal wounds {unknown}
 u - a potion of degeneration {unknown}
 w - 2 potions of mutation {unknown}
 A - 2 potions of invisibility {unknown}
 F - a potion of berserk rage {unknown}


   Skills:
 * Level 10.8 Fighting
 + Level 12.3 Axes
 + Level 7.1 Armour
 - Level 3.2 Dodging


You had 9 spell levels left.
You didn't know any spells.
Your spell library contained the following spells:

 Spells                   Type           Power      Damage    Failure   Level
 Shock                    Conj/Air       0%         1d3       58%         1
 Ignite Poison            Fire/Tmut/Pois 0%         N/A       91%         3
 Ozocubu's Armour         Ice            0%         N/A       91%         3
 Swiftness                Air            0%         N/A       91%         3
 Airstrike                Air            0%         2d(0-16)  100%        4
 Sticky Flame             Conj/Fire      0%         2d3       100%        4
 Alistair's Intoxication  Tmut/Pois      0%         N/A       100%        5
 Borgnjor's Vile Clutch   Necr/Erth      0%         N/A       100%        5
 Eringya's Noxious Bog    Tmut/Pois      0%         4d6       100%        6
 Ozocubu's Refrigeration  Ice            0%         4d7       100%        7
 Ignition                 Fire           0%         3d3       100%        8


Dungeon Overview and Level Annotations

Branches:
Dungeon (9/15)             Temple (1/1) D:7
   Lair: D:8-11         Orc: D:9-12

Altars:
Ashenzari
Cheibriados
Dithmenos
Elyvilon
Gozag
Hepliaklqana
Kikubaaqudgha
Makhleb
Nemelex Xobeh
Okawaru
Qazlal
Ru
Sif Muna
Trog
Uskayaw
Vehumet
Wu Jian
Yredelemnul
The Shining One

Shops:
D:5 :   D:8 ?

Annotations:
D:3 3 runed translucent doors, blacky4's ghost, weakling DrSh


Innate Abilities, Weirdness & Mutations

You have a pair of horns on your head.
You reflexively headbutt those who attack you in melee.


Message History

You hit the yak but do no damage. The yak gores you!
* * * LOW HITPOINT WARNING * * *
The gnoll hits you but does no damage.
Your Armour skill increases to level 7!
The yak attacks as you move away! The yak misses you.
The gnoll hits you but does no damage.
You slice the gnoll!!
You kill the gnoll!
Dithmenos accepts your kill.
You will now sometimes bleed smoke when heavily injured by enemies.
You hit the yak but do no damage. The yak barely misses you.
You slash the yak!
The yak is heavily wounded.
The yak gores you!
* * * LOW HITPOINT WARNING * * *
You hit the yak.
The yak is heavily wounded.
The yak gores you but does no damage.
You barely miss the yak. You headbutt the yak!
The yak is almost dead.
The yak gores you.
* * * LOW HITPOINT WARNING * * *
You slash the yak!
You kill the yak!
Dithmenos accepts your kill.
You have reached level 10!
You start resting.
Something hits the fungus!
The fungus begins to die.
You start resting.
A shadow comes into view.
A shadow is nearby!
The shadow slips into darkness.
The shadow flickers and vanishes!
Deactivating autopickup; reactivate with Ctrl-A.
A nearby fungus withers and dies.
Things that are here:
a +0 club; a yak corpse You hit something but do no damage.
The shadow strikes at you from the darkness!
You die...

#..............
................
................
................
................
................
.......)........
........)).....#
.......@.)../.#
...............#
.......<........
....#....P......
...###....PPP...
... .P..P.P.P..
.. ..........P.
....P..PP.P..
....PPP.####P


There were no monsters in sight!

Vanquished Creatures
  Joseph (D:8)
  Maggie (D:9)
  A wyvern (D:6)
  5 yaks
  A steam dragon (D:7)
  A water moccasin (D:7)
  2 sky beasts
  2 black bears
  2 ogres
  2 centaurs
  4 bullfrogs
  3 gnoll sergeants
  3 wights (D:8)
  3 killer bees (D:7)
  3 howler monkeys (D:7)
  3 hounds
  A gnoll bouda (D:9)
  2 jellies (D:5)
  An orc priest (D:6)
  An iguana (D:6)
  An orc wizard (D:3)
  11 adders
  14 gnolls
  3 shadow imps
  An ufetubus (D:4)
  2 worms
  6 dart slugs
  13 orcs
  8 ball pythons
  5 endoplasms
  2 giant cockroaches
  4 goblins
  8 hobgoblins
  10 kobolds
  4 quokkas
  4 bats
  A frilled lizard (D:2)
  7 rats
146 creatures vanquished.

Vanquished Creatures (others)
  A kobold brigand (D:8)
1 creature vanquished.

Grand Total: 147 creatures vanquished

Notes
Turn   | Place    | Note
-------+----------+-------------------------------------------
     0 | D:1      | Locuples the Minotaur Monk began the quest for the Orb.
     0 | D:1      | Reached XP level 1. HP: 19/19 MP: 0/0
   136 | D:1      | Found a faded altar of an unknown god.
   143 | D:1      | Reached XP level 2. HP: 27/27 MP: 1/1
   302 | D:1      | Reached skill level 4 in Axes
   409 | D:1      | Reached XP level 3. HP: 34/34 MP: 2/2
  1219 | D:2      | Reached skill level 5 in Fighting
  1234 | D:2      | Reached XP level 4. HP: 38/42 MP: 3/3
  1563 | D:3      | Reached skill level 1 in Armour
  1638 | D:3      | Found a runed translucent gate.
  1705 | D:3      | Reached skill level 5 in Axes
  1707 | D:3      | Found a runed translucent gate.
  1707 | D:3      | Found a runed translucent gate.
  1740 | D:3      | Identified the +4 dagger "Ocsid" {antimagic, Int+2}
  1816 | D:3      | Reached XP level 5. HP: 48/48 MP: 4/4
  2246 | D:3      | Noticed blacky4's ghost (weakling DrSh)
  2288 | D:4      | Noticed an ogre
  2292 | D:4      | Killed an ogre
  2293 | D:4      | Reached skill level 6 in Axes
  2484 | D:4      | Reached XP level 6. HP: 53/57 MP: 5/5
  2887 | D:5      | Entered Level 5 of the Dungeon
  2930 | D:5      | Identified the +7 short sword "Soom" {flame, Dex+3}
  3289 | D:5      | Found Caivviut's Book Emporium.
  3320 | D:5      | Reached skill level 7 in Axes
  3440 | D:5      | Reached XP level 7. HP: 64/64 MP: 6/6
  3655 | D:5      | Reached skill level 8 in Axes
  4148 | D:6      | Found a shimmering blue altar of Sif Muna.
  4223 | D:6      | You fall into a shaft and drop 1 floor!
  4233 | D:7      | Reached XP level 8. HP: 73/73 MP: 7/7
  4233 | D:7      | Found a staircase to the Ecumenical Temple.
  4258 | Temple   | Entered the Ecumenical Temple
  4276 | Temple   | Became a worshipper of Dithmenos the Shadowed
  4276 | Temple   | Reached * piety under Dithmenos
  4276 | Temple   | Reached ** piety under Dithmenos
  4400 | D:7      | Reached skill level 9 in Axes
  4653 | D:6      | Reached skill level 10 in Axes
  5213 | D:7      | Found a stormy altar of Qazlal.
  5258 | D:7      | Reached skill level 5 in Armour
  5264 | D:7      | Reached XP level 9. HP: 40/83 MP: 8/8
  5274 | D:7      | Reached skill level 11 in Axes
  5486 | D:7      | Found a bloodstained altar of Trog.
  5971 | D:8      | Noticed Joseph
  5995 | D:8      | Killed Joseph
  5996 | D:8      | Reached skill level 10 in Fighting
  6223 | D:8      | Found The Oracle's Delphic Readings.
  6916 | D:9      | Noticed Maggie
  6929 | D:9      | Reached skill level 12 in Axes
  6931 | D:9      | Killed Maggie
  6933 | D:9      | Reached *** piety under Dithmenos
  6934 | D:9      | HP: 2/86 [yak (10)]
  6938 | D:9      | Reached XP level 10. HP: 3/94 MP: 9/9
  6955 | D:9      | Slain by a shadow

Illustrated notes

Levels and vault maps discovered:
D:1:      minmay_arrival_nine_rooms, layout_basic,
          shapermc_ecumenical_altar_notcrosses
D:2:      layout_loops_cross, kennysheep_generic_room_10
D:3:      layout_basic, ebering_ghost_rock_garden, dk_noncrumbling_4
D:4:      layout_cave_pools
D:5:      wad_crossroads, layout_basic, serial_shops, nicolae_shop_trees,
          lightli_minifort
D:6:      layout_loops_cross, mainiacjoe_overflow_chevrons
D:7:      layout_basic, lemuel_round_altar, nicolae_qazlal_general_emergency,
          minmay_temple_entry_ruins
D:8:      layout_cave_pools, nicolae_nh_oracle_at_delphi, uniq_joseph
D:9:      layout_big_octagon, grunt_lair_entry_orc_guard_hut,
          nicolae_shop_self_help, uniq_maggie
Temple:   nicolae_temple_slightly_damp_pantheon

Skill      XL: |  1  2  3  4  5  6  7  8  9 |
---------------+----------------------------+-----
Fighting       | 4 5 6 7 9 10 | 10.8
Axes           | 4 5 6 7 8 10 12 | 12.3
Armour         | 1 2 3 5 7 |  7.1
Dodging        | |  3.2

Action                     |  1- 3 |  4- 6 |  7- 9 | 10-12 || total
---------------------------+-------+-------+-------+-------++-------
  Melee: Hand axe          |    62 |       |       |       ||    62
         Headbutt          |    13 |    25 |    40 |       ||    78
         War axe           |     4 |    89 |   164 |       ||   257
         Punch             |       |       |     1 |       ||     1
         Battleaxe         |       |       |    21 |     1 ||    22
    Use: Potion            |       |       |     2 |       ||     2
 Armour: Scale mail        |    29 |    43 |       |       ||    72
         Robe              |     1 |       |       |       ||     1
         Chain mail        |       |    15 |   103 |       ||   118
         Ring mail         |       |       |    15 |       ||    15
  Dodge: Dodged            |    27 |    51 |   123 |       ||   201

Table legend: (Time is in decaauts)
 A = Elapsed time spent in this place.
 B = Non-inter-level travel time spent in this place.
 C = Inter-level travel time spent in this place.
 D = Time resting spent in this place.
 E = Time spent auto-exploring this place.
 F = Levels seen in this place.
 G = Mean time per level.
                   A        B        C        D        E       F      G
               +--------+--------+--------+--------+--------+-----+--------+
         Total |   6979 |   6840 |    139 |   1058 |   4524 |  10 |  697.9 |
       Dungeon |   6942 |   6803 |    139 |   1058 |   4524 |   9 |  771.3 |
        Temple |     36 |     36 |      0 |      0 |      0 |   1 |   36.0 |
               +--------+--------+--------+--------+--------+-----+--------+

Top non-repeatable levels by time:
     D:5: 1257 daAuts
     D:7: 1079 daAuts
     D:8: 976 daAuts
     D:3: 846 daAuts
     D:1: 828 daAuts
     D:6: 681 daAuts
     D:4: 616 daAuts
     D:2: 616 daAuts
     D:9: 40 daAuts
  Temple: 36 daAuts
